Map: Kairos Junction LE

Players

DnS - Winner!

  • Race: Protoss Protoss
  • Spawn Location: 5:00

Denver

  • Race: Zerg Zerg
  • Spawn Location: 11:00

Event: 2019 WCS Summer

VOD

Have the link to the VOD?

Description

Time

  • Played on: July 13, 2019, 10:13 a.m.
  • Length: 9:56

All games in this series

Show
View Real Time Build Order
Export as new Build Order

DnS Protoss - Winner!

Build Orders: 1 Gate Expand, Archon Immortal 

Get SALT Encoding   

  12  0:00  Probe  
  13  0:12  Probe  
  14  0:19  Pylon  
  14  0:24  Probe  
  15  0:34  Probe  
  15  0:39  Gateway  
  15  0:42  Probe  
  16  0:49  Assimilator  
  17  0:51  Probe  
  18  1:03  Probe  
  19  1:15  Probe  
  20  1:28  Cybernetics Core  
  20  1:36  Nexus  
  20  1:39  Probe  
  21  1:47  Pylon  
  21  1:51  Probe  
  22  1:55  Adept  
  22  2:04  Probe  
  25  2:10  Warp Gate  
  25  2:16  Probe, Adept  
  26  2:24  Assimilator  
  26  2:28  Probe  
  29  2:40  Probe  
  30  2:44  Probe  
  30  2:48  Stalker  
  33  2:52  Probe  
  33  2:53  Probe  
  35  3:03  Probe  
  35  3:04  Probe  
  37  3:06  Robotics Facility  
  37  3:15  Probe  
  37  3:16  Probe  
  39  3:23  Sentry  
  39  3:26  Gateway  
  41  3:27  Probe  
  41  3:28  Probe  
  43  3:34  Pylon  
  43  3:36  Probe  
  43  3:40  Probe  
  45  3:43  Assimilator  
  45  3:44  Probe  
  45  3:45  Pylon  
  46  3:50  Assimilator  
  46  3:53  Warp Prism  
  46  4:00  Gateway  
  46  4:03  Probe x2  
  46  4:06  Pylon  
  46  4:09  Sentry  
  52  4:15  Probe x2  
  54  4:17  Pylon  
  54  4:21  Immortal, Pylon  
  54  4:27  Probe x2  
  60  4:33  Sentry  
  62  4:40  Probe  
  62  4:41  Probe  
  62  4:42  Sentry  
  66  4:54  Nexus  
  66  4:56  Probe x2, Pylon  
  68  5:02  Sentry x2, Immortal  
  72  5:13  Pylon  
  76  5:18  Nexus  
  76  5:21  Probe x2  
  78  5:31  Twilight Council  
  78  5:33  Probe  
  78  5:34  Probe  
  80  5:35  Forge  
  80  5:38  Immortal  
  84  5:45  Probe  
  84  5:49  Zealot x3  
  91  5:55  Charge  
  91  6:03  Pylon  
  91  6:04  Gateway, Protoss Ground Weapons Level 1  
  91  6:05  Gateway  
  91  6:15  Gateway  
  91  6:17  Immortal  
  91  6:24  Probe x2  
  96  6:36  Probe x2  
  96  6:39  Gateway  
  94  6:40  Gateway  
  94  6:43  Zealot  
  96  6:47  Templar Archives  
  96  6:48  Probe  
  96  6:51  Probe  
  96  6:55  Photon Cannon  
  96  6:58  Zealot x3  
  96  7:00  Probe  
  103  7:04  Probe  
  104  7:11  Pylon  
  104  7:12  Probe  
  104  7:13  Pylon  
  104  7:15  Stalker  
  107  7:22  Zealot x5  
  114  7:27  Probe x2  
  114  7:29  Pylon  
  117  7:34  Pylon  
  99  7:44  Zealot x2  
  99  7:45  Zealot x3  
  99  7:51  Immortal  
  111  7:54  High Templar x2  
  111  7:55  Zealot  
  117  7:58  Archon  
  117  7:59  Pylon  
  117  8:05  High Templar x4  
  125  8:10  Archon x2  
  125  8:11  Stalker  
  127  8:15  Pylon  
  127  8:17  Zealot  
  129  8:20  Pylon  
  127  8:28  Zealot x2  
  127  8:29  Probe x2  
  133  8:37  High Templar x2  
  133  8:39  Zealot x2  
  133  8:40  Zealot x2  
  133  8:41  Archon  
  145  8:48  Pylon  
  145  8:59  High Templar x2  
  149  9:03  Assimilator  
  149  9:04  Zealot x2, Archon  
  149  9:05  Zealot x2  
  151  9:10  Zealot x2  
  145  9:25  Zealot x4  
  137  9:37  Zealot x4  
  103  9:46  Zealot x2  
  103  9:47  Zealot x2  
Show
View Real Time Build Order
Export as new Build Order

Denver Zerg 

Build Orders: Hatch First 

Get SALT Encoding   

  12  0:00  Drone  
  13  0:12  Overlord  
  13  0:17  Drone  
  14  0:30  Drone  
  14  0:35  Drone x2  
  17  0:53  Hatchery  
  17  0:56  Drone  
  17  1:00  Drone  
  18  1:10  Extractor  
  17  1:17  Spawning Pool  
  16  1:20  Drone  
  16  1:25  Drone  
  18  1:29  Drone  
  19  1:39  Drone  
  20  1:42  Extractor  
  19  1:52  Drone  
  20  2:04  Queen  
  20  2:06  Zergling x2, Queen  
  20  2:07  Zergling x2  
  26  2:11  Metabolic Boost  
  26  2:18  Overlord  
  26  2:22  Drone  
  27  2:25  Drone  
  28  2:38  Drone  
  29  2:44  Hatchery  
  29  2:47  Drone  
  29  2:50  Drone  
  30  2:52  Zergling x2  
  30  2:55  Zergling x2  
  30  2:58  Drone  
  33  3:02  Overlord  
  33  3:05  Drone  
  33  3:14  Evolution Chamber  
  33  3:18  Drone  
  33  3:19  Drone x2  
  35  3:21  Drone x2  
  35  3:22  Drone  
  35  3:25  Drone  
  39  3:31  Drone x2  
  40  3:34  Overlord  
  40  3:39  Drone  
  40  3:41  Queen  
  41  3:46  Overlord  
  43  3:55  Roach Warren  
  42  3:56  Drone x3  
  42  3:59  Drone x2  
  47  4:04  Overlord  
  47  4:11  Drone x2  
  47  4:15  Extractor, Overlord  
  48  4:21  Drone x3  
  48  4:22  Drone  
  51  4:24  Zergling x8  
  51  4:25  Zergling x2  
  51  4:30  Lair  
  56  4:32  Drone  
  56  4:33  Overlord  
  57  4:39  Roach x2  
  57  4:41  Drone  
  62  4:45  Drone  
  62  4:50  Extractor  
  62  4:51  Drone x4  
  62  4:52  Drone, Overlord  
  67  4:57  Roach x2  
  71  5:00  Overlord  
  71  5:04  Roach x3  
  77  5:07  Drone  
  77  5:13  Drone x3  
  81  5:18  Extractor  
  79  5:23  Drone x9  
  87  5:28  Drone x2  
  87  5:29  Glial Reconstitution  
  87  5:33  Extractor x2  
  87  5:40  Drone x3  
  88  5:49  Drone x4  
  89  5:55  Baneling Nest  
  89  5:56  Evolution Chamber  
  87  5:59  Drone x3  
  87  6:02  Overlord  
  87  6:03  Overseer  
  90  6:07  Roach  
  90  6:08  Roach  
  90  6:10  Overlord  
  94  6:12  Overlord  
  94  6:15  Hatchery  
  94  6:17  Roach x2  
  97  6:18  Overlord  
  97  6:21  Zerg Missile Weapons Level 1  
  97  6:24  Roach  
  96  6:35  Roach x6  
  96  6:38  Centrifical Hooks  
  96  6:39  Overlord  
  107  6:43  Roach x2  
  107  6:45  Overlord  
  111  6:48  Roach  
  111  6:51  Roach x2  
  117  6:55  Roach  
  117  6:56  Roach  
  117  6:57  Overlord  
  117  6:58  Ravager x2  
  117  6:59  Ravager  
  117  7:00  Overseer  
  124  7:08  Zergling x14  
  126  7:10  Ravager x4  
  126  7:12  Overlord  
  134  7:18  Zergling x10  
  138  7:26  Zergling x6  
  140  7:30  Zergling x2  
  140  7:33  Drone  
  140  7:34  Drone x4, Queen  
  148  7:39  Roach  
  148  7:40  Roach x3  
  134  7:46  Zergling x2  
  134  7:47  Baneling x3, Zergling x8  
  134  7:48  Baneling  
  134  7:50  Ravager x3  
  142  7:52  Baneling x4  
  142  7:53  Baneling  
  142  7:55  Zergling x2  
  142  7:56  Zergling x2  
  144  8:03  Baneling  
  144  8:04  Baneling x11  
  144  8:07  Zergling x10  
  149  8:13  Zergling x12  
  149  8:17  Overlord  
  155  8:24  Overlord  
  155  8:26  Roach x4  
  149  8:32  Drone x3  
  150  8:36  Roach x3  
  150  8:40  Overlord  
  156  8:41  Hydralisk Den  
  156  8:47  Roach x3  
  156  8:48  Roach x2  
  164  8:58  Baneling x9  
  164  8:59  Zergling x10  
  167  9:07  Baneling x15  
  165  9:10  Zergling x6  
  166  9:23  Zergling x24  
  151  9:32  Zergling x12  
Tags
 
Add a new tag
Caveats
  • Supply blocks, unpowered buildings, or Contaminate may cause inaccurate times.
  • Supply counts are checked every 10 seconds.